 Dungeon Crawl Stone Soup version 0.22-a0-161-g198051cff3 (webtiles) character file.

115 RedPan the Insei (level 4, -1/35 HPs)
             Began as a Demonspawn Monk on Feb 11, 2018.
             Slain by a worm (11 damage)
             ... on level 3 of the Dungeon.
             The game lasted 00:04:35 (3064 turns).

RedPan the Insei (Demonspawn Monk)                  Turns: 3064, Time: 00:04:36

Health: -1/35      AC:  3    Str: 13    XL:     4   Next: 68%
Magic:  4/4        EV: 14    Int:  9    God:
Gold:   86         SH:  0    Dex: 15    Spells: 3/3 levels left

rFire    . . .     SeeInvis .     - Unarmed
rCold    . . .     Gourm    .   (no shield)
rNeg     . . .     Faith    .   a - +0 robe
rPois    .         Spirit   .   (helmet restricted)
rElec    .         Reflect  .   (no cloak)
rCorr    .         Harm     .   d - +0 pair of gloves
MR       .....                  (no boots)
Stlth    ++........             (no amulet)
HPRegen  0.11/turn              (no ring)
MPRegen  0.09/turn              (no ring)

@: no status effects
A: horns 1, dopey 1, powered by pain 1
a: no special abilities


You were on level 3 of the Dungeon.
You were not hungry.

You visited 1 branch of the dungeon, and saw 3 of its levels.

You collected 86 gold pieces.

Inventory:

Armour
 a - a +0 robe (worn)
 d - a +0 pair of gloves (worn)
Scrolls
 g - 3 scrolls of identify
Potions
 i - a potion of heal wounds
Comestibles
 b - 2 rations
 c - a chunk of flesh


   Skills:
 - Level 3.0 Fighting
 + Level 3.5 Dodging
 - Level 1.7 Stealth
 * Level 4.4 Unarmed Combat


You had 3 spell levels left.
You didn't know any spells.

Dungeon Overview and Level Annotations

Branches:
Dungeon (3/15)

Altars:
Ru


Innate Abilities, Weirdness & Mutations

You sometimes gain a little power by taking damage.
You have a pair of small horns on your head.
You are dopey. (Int -2)


Message History

Sorry, you're not good enough to have a special ability.
Sorry, you're not good enough to have a special ability.
You hit the worm but do no damage.
You headbutt the worm, but do no damage.
The worm bites you!
You punch the worm!
The worm is moderately wounded.
The worm barely misses you. The worm bites you!
You hit the worm.
The worm is moderately wounded.
You completely miss the worm.
The worm is moderately wounded.
The worm bites you. The rat closely misses you.
You barely miss the worm.
The worm is moderately wounded.
The rat bites you.
* * * LOW HITPOINT WARNING * * *
The worm bites you!
You die...

###### #.#.###.#
##.....##.......#
#.......#.......#
#.......#)#.##.##
#.......#.#..#
#.......))##.#.#
...####.#<.....#
#..####.#.##.###
......$..@# #
.#......rw#
..........#.#
##..........#
.......#..#.#
#.#.##......#
#.#. ...###.# #
.... .# ..... #


You could see a worm and a rat.

Vanquished Creatures
  An orc wizard (D:3)
  4 adders (D:2)
  An ooze (D:1)
  A worm (D:2)
  2 leopard geckos
  3 orcs
  4 giant cockroaches (D:2)
  3 hobgoblins (D:1)
  3 jackals (D:2)
  3 bats
  4 frilled lizards (D:1)
  5 goblins
  3 kobolds
  6 rats
  A bush (D:2)
44 creatures vanquished.

Notes
Turn   | Place    | Note
-------+----------+-------------------------------------------
     0 | D:1      | RedPan the Demonspawn Monk began the quest for the Orb.
     0 | D:1      | Reached XP level 1. HP: 18/18 MP: 1/1
    89 | D:1      | Reached skill level 3 in Unarmed Combat
   275 | D:1      | Gained mutation: You sometimes gain a little power by taking damage. [demonic ancestry]
   275 | D:1      | Reached XP level 2. HP: 21/24 MP: 2/2
   968 | D:2      | Gained mutation: You are robust. (+10% HP) [potion of mutation]
   968 | D:2      | Gained mutation: You have a pair of small antennae on your head. [potion of mutation]
   977 | D:2      | Reached XP level 3. HP: 9/31 MP: 3/3
  1039 | D:2      | Lost mutation: You have a pair of small antennae on your head. [potion of mutation]
  1039 | D:2      | Lost mutation: You are robust. (+10% HP) [potion of mutation]
  1039 | D:2      | Gained mutation: You are somewhat resistant to further mutation. [potion of mutation]
  1040 | D:2      | Lost mutation: You are somewhat resistant to further mutation. [potion of mutation]
  1040 | D:2      | Gained mutation: You are dopey. (Int -2) [potion of mutation]
  1040 | D:2      | Gained mutation: You have a pair of small horns on your head. [potion of mutation]
  1424 | D:2      | Found a sacrificial altar of Ru.
  2026 | D:2      | Reached skill level 4 in Unarmed Combat
  2026 | D:2      | Reached XP level 4. HP: 27/35 MP: 4/4
  3064 | D:3      | Slain by a worm

Vault maps used:
D:1:      wheals_arrival_shading
D:2:      cheibrodos_helix_gallery, marbit_many_paths, serial_forest,
          infiniplex_forest_side_room, infiniplex_forest_clump_small,
          infiniplex_forest_clump_long, infiniplex_forest_lined_3_way,
          infiniplex_forest_clump_cross, infiniplex_forest_clump_large
D:3:      kiku_gazebo_pond_becter

Skill      XL: |  1  2  3 |
---------------+----------+-----
Unarmed Combat | 3 4 |  4.4
Dodging        | 3 |  3.5
Fighting       | |  3.0
Stealth        | |  1.7

Action                   |  1- 3 |  4- 6 || total
-------------------------+-------+-------++-------
Melee: Unarmed           |   146 |   120 ||   266
       Punch             |     1 |     8 ||     9
       Headbutt          |    10 |    41 ||    51
  Use: Potion            |     4 |       ||     4
       Scroll            |       |     4 ||     4
 Stab: Sleeping          |     3 |     1 ||     4
  Eat: Chunk             |     3 |     4 ||     7
Armor: Robe              |    26 |    11 ||    37
Dodge: Dodged            |    96 |    48 ||   144

Table legend:
 A = Spawn XP
 B = Non-spawn XP
 C = Spawn XP percentage of total XP
 D = Spawn monster count
 E = Non-spawn monster count
 F = Spawn count percentage of total count
 G = Total turns spent on level
                    A         B        C        D         E        F      G
               +---------+---------+-------+---------+---------+-------+---------
         Total |       0 |     165 |   0.0 |       0 |      43 |   0.0 |  3064
               +---------+---------+-------+---------+---------+-------+---------
           D:1 |       0 |      32 |   0.0 |       0 |      18 |   0.0 |   773
           D:2 |       0 |      86 |   0.0 |       0 |      21 |   0.0 |  2213
           D:3 |       0 |      47 |   0.0 |       0 |       4 |   0.0 |    78
               +---------+---------+-------+---------+---------+-------+---------
